 Dungeon Crawl Stone Soup version 0.31-a0-1009-g454b1f1e0a (webtiles) character file.

Game seed: 8277972340250245101

248632 Tungsten the Spear-Bearer (level 18, -3/158 HPs)
             Began as a Pale Draconian Wanderer on Nov 12, 2023.
             Was the Champion of Fedhas.
             Killed from afar by a purple draconian stormcaller (36 damage)
             ... in a wizard's laboratory on Nov 15, 2023.
             The game lasted 04:02:38 (66707 turns).

Tungsten the Spear-Bearer (DrWn)                   Turns: 66707, Time: 04:02:39

Health: -3/158     AC: 25    Str: 11 (13) XL:     18   Next: 85%
Magic:  17/28      EV: 11    Int: 18 (21) God:    Fedhas [******]
Gold:   78         SH:  4    Dex:  3 (12) Spells: 9/31 levels left

rFire   . . .        a - +2 demon trident (drain)
rCold   . . .        u - +0 buckler {reflect}
rNeg    + . .        (body armour unavailable)
rPois   +            t - +2 hat {Will+}
rElec   .            S - +2 cloak {rCorr}
rCorr   +            P - +2 pair of gloves
SInv    .            s - +2 pair of boots
Will    ++...        F - amulet "Okkexa" {Faith rN+ Regen+}
Stlth   +++          m - +4 ring of protection {=R}
HPRegen 1.26/turn    D - ring of poison resistance
MPRegen 0.21/turn

%: reflection, faith
@: no status effects
A: breathe steam, AC +10, unfitting armour, cold-blooded, steam resistance
}: 2/15 runes: barnacled, gossamer
a: Breathe Steam, Renounce Religion, Wall of Briars, Grow Ballistomycete,
Overgrow, Grow Oklob


You were in a wizard's laboratory.
You worshipped Fedhas.
Fedhas was exalted by your worship.
You visited 7 branches of the dungeon, and saw 32 of its levels.
You also visited: Gauntlet, Ice Cave and Wizlab.

You collected 2846 gold pieces.
You spent 2768 gold pieces at shops.

Inventory:

Hand Weapons
 a - a +2 demon trident of draining (weapon)
 w - the +10 whip "Soisch" {heavy, rElec rF- rC++ Will+}
   (You found it on level 4 of the Dungeon)

   rF-:       It makes you vulnerable to fire.
   rC++:      It greatly protects you from cold.
   rElec:     It insulates you from electricity.
   Will+:     It increases your willpower.
Missiles
 g - 5 silver javelins
 x - 16 javelins
 N - 8 curare-tipped darts
 Q - 7 throwing nets {!f}
Armour
 s - a +2 pair of boots (worn)
 t - a +2 hat of willpower (worn)
 u - a +0 buckler of reflection (worn)
 P - a +2 pair of gloves (worn)
 S - a +2 cloak of preservation (worn)
Magical Staves
 b - a staff of cold
 I - a staff of fire
Jewellery
 i - a +5 ring of evasion
 m - a +4 ring of protection (left hand) {=R}
 v - a +6 ring of strength
 y - a ring of protection from cold
 D - a ring of poison resistance (right hand)
 F - the amulet "Okkexa" (around neck) {Faith rN+ Regen+}
   (You bought it in a shop on level 2 of the Orcish Mines)

   [amulet of faith]

   Faith:     It allows you to gain divine favour quickly.
   rN+:       It protects you from negative energy.
   Regen+:    It increases your rate of health regeneration.
Wands
 d - a wand of mindburst (2)
 f - a wand of flame (16)
 k - a wand of quicksilver (5)
 o - a wand of polymorph (18)
 p - a wand of paralysis (16)
 C - a wand of roots (9)
 T - a wand of digging (24)
Scrolls
 c - 5 scrolls of teleportation
 n - a scroll of torment
 z - a scroll of revelation
 A - a scroll of immolation
 B - 6 scrolls of noise
 H - 6 scrolls of fog
 L - 3 scrolls of vulnerability
 M - a scroll of silence
 R - 4 scrolls of fear
Potions
 j - 4 potions of curing
 r - 3 potions of enlightenment
 E - 8 potions of ambrosia
 G - a potion of heal wounds
 J - 3 potions of mutation
 K - 4 potions of lignification
 O - a potion of cancellation
 U - a potion of resistance
 V - 3 potions of haste
 X - a potion of might
 Y - 10 potions of brilliance
 Z - a potion of invisibility
Miscellaneous
 e - a phantom mirror
 h - a phial of floods
 l - a lightning rod (2/4)
 q - a box of beasts
 W - a condenser vane


   Skills:
 + Level 13.6 Fighting
 - Level 5.0 Short Blades
 - Level 14.0 Polearms
 + Level 9.0 Dodging
 - Level 8.0 Stealth
 - Level 5.0 Shields
 - Level 7.0 Spellcasting
 - Level 9.0 Conjurations
 - Level 9.0 Hexes
 - Level 9.0 Necromancy
 - Level 9.0 Transmutations
 - Level 8.0 Ice Magic
 - Level 11.0 Air Magic
 - Level 9.0 Earth Magic
 - Level 12.0 Invocations
 - Level 6.0 Evocations


You had 9 spell levels left.
You knew the following spells:

 Your Spells              Type           Power      Damage    Failure   Level
a - Borgnjor's Vile Clut  Necr/Erth      19%        N/A       10%         5
b - Freezing Cloud        Conj/Ice/Air   19%        6-21      9%          5
c - Mephitic Cloud        Conj/Pois/Air  30%        N/A       3%          3
d - Ensorcelled Hibernat  Hex/Ice        72%        N/A       1%          2
e - Wereblood             Tmut           38%        N/A       1%          2
j - Yara's Violent Unrav  Hex/Tmut       19%        3d9       10%         5

Your spell library contained the following spells:

 Spells                   Type           Power      Damage    Failure   Level
 Kiss of Death            Conj/Necr      100%       2d13      1%          1
 Cigotuvi's Dreadful Rot  Necr/Pois/Air  60%        N/A       1%          2
 Passwall                 Tmut/Erth      31%        N/A       1%          2
 Confusing Touch          Hex            38%        N/A       1%          3
 Dazzling Flash           Conj/Hex       76%        N/A       1%          3
 Hailstorm                Conj/Ice       36%        3d9       1%          3
 Ozocubu's Armour         Ice            35%        N/A       1%          3
 Swiftness                Air            45%        N/A       1%          3
 Poisonous Vapours        Pois/Air       52%        N/A       2%          2
 Dispel Undead            Necr           38%        3d16      3%          4
 Petrify                  Tmut/Erth      38%        N/A       3%          4
 Inner Flame              Hex/Fire       22%        N/A       7%          3
 Silence                  Hex/Air        21%        N/A       7%          5
 Agony                    Necr           38%        N/A       10%         5
 Lesser Beckoning         Tloc           12%        N/A       22%         2
 Scorch                   Fire           12%        2d5       22%         2
 Flame Wave               Conj/Fire      22%        2d8       22%         4
 Summon Ice Beast         Ice/Summ       20%        N/A       28%         4
 Gell's Gravitas          Tloc           6%         N/A       41%         3
 Teleport Other           Tloc           6%         N/A       41%         3
 Death Channel            Necr           19%        N/A       50%         6
 Alistair's Intoxication  Tmut/Pois      14%        N/A       54%         5
 Simulacrum               Ice/Necr       18%        N/A       56%         6
 Enfeeble                 Hex            19%        N/A       97%         7
 Eringya's Noxious Bog    Tmut/Pois      11%        4d6       98%         6
 Ozocubu's Refrigeration  Ice            17%        4d11      99%         7
 Summon Cactus Giant      Summ           3%         N/A       100%        6
 Malign Gateway           Summ/Tloc      3%         N/A       100%        7
 Summon Horrible Things   Summ           3%         N/A       100%        8
 Chain Lightning          Conj/Air       21%        3d28      100%        9
 Fire Storm               Conj/Fire      11%        8d3       100%        9
 Shatter                  Erth           19%        3d17*     100%        9


Dungeon Overview and Level Annotations

Branches:
Dungeon (15/15)            Temple (1/1) D:7            Lair (5/5) D:8
 Shoals (4/4) Lair:2       Spider (4/4) Lair:2        Slime (0/5) Lair:5
    Orc (2/2) D:11            Elf (0/3) Orc:2        Vaults (1/5) D:14
  IceCv (visited)          WizLab (1/1)             Gauntlet (visited)
 Depths: D:15

Altars:
Ashenzari
Cheibriados
Dithmenos
Elyvilon
Fedhas
Gozag
Hepliaklqana
Kikubaaqudgha
Makhleb
Nemelex Xobeh
Okawaru
Qazlal
Ru
Sif Muna
Trog
Uskayaw
Vehumet
Wu Jian
Xom
Yredelemnul
Zin
The Shining One
Jiyva
Lugonu

Shops:
D:3 ?   D:6 [   D:7 ((   D:11 *   D:15 [   Orc:1 (?   Orc:2 =[(*   Shoals:3 !

Portals:
Abyss: Lair:5

Annotations:
Shoals:3 exclusion: kraken WizLab exclusion: 2 statues


Innate Abilities, Weirdness & Mutations

You can breathe blasts of scalding, opaque steam.
Your pale cyan-grey scales are hard. (AC +10)
You cannot fit into any form of body armour.
You are cold-blooded and may be slowed by cold attacks.
You are immune to the effects of steam.


Message History

Aim: a purple draconian stormcaller, wielding a +0 long sword and wearing a +1 cloak (moderately wounded, 100% to hit)
Zombie hands grab the purple draconian stormcaller.
The zombie hands constrict the purple draconian stormcaller!
The purple draconian stormcaller mumbles some strange prayers to Qazlal against you.
You hear a sizzling sound!
The blast of magma engulfs you!
* * * LOW HITPOINT WARNING * * *
You hear a sizzling sound!
The purple draconian scorcher is engulfed in freezing vapours.
The purple draconian scorcher seems to slow down.
The purple draconian scorcher casts a spell at you.
The sphere of damnation explodes!
The damnation engulfs you!
* * * LOW HITPOINT WARNING * * *
You feel protected.
The zombie hands constrict the purple draconian stormcaller!
The purple draconian stormcaller mumbles some strange prayers to Qazlal.
The purple draconian scorcher is engulfed in freezing vapours.
The purple draconian scorcher seems to slow down.
The purple draconian scorcher casts a spell at you.
The sphere of damnation explodes!
The damnation engulfs you!!
* * * LOW HITPOINT WARNING * * *
The purple draconian stormcaller breathes dispelling energy at you.
The bolt of dispelling energy hits you!!
Your magical effects are unravelling.
* * * LOW HITPOINT WARNING * * *
Okay, then.
You feel much better.
You feel yourself speed up.
Your resistance to elements expires.
The zombie hands constrict the purple draconian stormcaller.
The zombie hands release their grip on the purple draconian stormcaller.
The wind drake is engulfed in freezing vapours.
The purple draconian scorcher seems to slow down.
A briar patch grows up from the ground. x6
The purple draconian stormcaller hits your briar patch with a +0 long sword!
The purple draconian scorcher is engulfed in freezing vapours.
You walk carefully through the plants.
The purple draconian stormcaller calls down the wrath of Qazlal upon you.
The blast of ice hits you!!!
You die...
Fedhas appreciates your contribution to the ecosystem.

#.##.##.#)......)....#.#
#.....###............##
###.#.#..........#.#
##.#.#..........## ##+
##.###........#.# ....
##.#..........## .....
##.##.......#.#
......###k#P≈P.....###
..8...'☼§qq≈[@....#§.#
......###k#PPP.....###
...q. ##.##.......#.# ##
.... ##.#..........##
.####+ ##.###........#.#
#.# ##.#.#..........##
.#.#####.#.#..........#.#
###.....###)...........##
.#.##.##.#............#.#


You could see a purple draconian stormcaller (catching breath, ally target), a
purple draconian scorcher (slow), a wind drake (summoned, repels missiles) and a
lindwurm (summoned).

Vanquished Creatures
  Jorgrun (Shoals:3)
  3 sphinxes (Shoals:4)
  Polyphemus (Shoals:2)
  Kirke (Spider:2)
  Ilsuiw (Shoals:2)
  4 ghost moths
  5 emperor scorpions (Spider:4)
  An orc warlord (Orc:1)
  2 broodmothers
  A very ugly thing (D:15)
  An ironbound thunderhulk (D:14)
  A spark wasp (Spider:2)
  2 minotaurs
  5 purple draconians (WizLab)
  2 statues (WizLab)
  3 merfolk impalers
  6 merfolk javelineers
  6 entropy weavers
  Harold (D:10)
  Fannar (D:10)
  2 vault guards (D:14)
  2 catoblepae
  3 merfolk avatars
  A hell beast (Gauntlet)
  5 hydras
  5 boulder beetles
  2 radroaches
  6 centaur warriors
  3 jorogumos
  9 satyrs
  8 two-headed ogres
  5 demonic crawlers
  8 death yaks
  3 thrashing horrors (Lair:5)
  2 orc high priests
  A soul eater (Gauntlet)
  Sonja (D:10)
  8 sea snakes
  4 skeletal warriors (D:14)
  4 skysharks
  4 pharaoh ants
  A swamp dragon (shapeshifter) (D:12)
  13 orb spiders
  10 steelbarb worms
  An ironbound convoker (Vaults:1)
  Pikel (D:8)
  7 orc knights
  21 harpies
  8 deep elf pyromancers
  5 deep elf zephyrmancers (D:13)
  7 cyclopes
  12 ugly things
  8 orc sorcerers
  A salamander (D:15)
  23 fauns
  13 manticores
  3 elephants (Shoals:2)
  3 moths of wrath (Spider:2)
  25 wolf spiders
  The ghost of DEFE the Cutter, a novice DsWn of Okawaru (D:6)
  7 water nymphs
  3 torpor snails
  An apocalypse crab (Gauntlet)
  Maggie (D:8)
  7 merfolk sirens
  2 gargoyles (D:14)
  2 smoke demons (Lair:5)
  8 black mambas
  Jeremiah (D:8)
  11 cane toads
  An unseen horror (D:12)
  A freezing wraith (D:14)
  A kobold demonologist (D:14)
  8 komodo dragons
  2 rime drakes (Lair:5)
  2 minotaur zombies (Gauntlet)
  3 ice devils (IceCv)
  An efreet (D:15)
  9 tengu conjurers (WizLab)
  22 merfolk
  A hornet (D:10)
  6 meliai
  5 trolls
  A polar bear (Lair:4)
  12 wind drakes
  A queen bee (Spider:2)
  29 tarantellas
  2 raiju (Lair:5)
  18 blink frogs
  10 snapping turtles
  9 dream sheep
  8 slime creatures (D:14)
  55 jumping spiders
  27 culicivoras
  A spriggan (Lair:5)
  3 wraiths
  7 water elementals
  A ynoxinul (Lair:5)
  6 wyverns
  4 hogs
  2 humans
  3 steam dragons
  7 basilisks
  30 yaks
  A yak (shapeshifter) (Lair:5)
  87 redbacks
  8 vampire mosquitoes
  A chaos spawn (Lair:5)
  3 wargs (Orc:1)
  An acid dragon (D:9)
  13 water moccasins
  2 hell hounds (Gauntlet)
  An ice beast (D:6)
  4 black bears
  A black bear (shapeshifter) (Lair:5)
  37 orc warriors
  An ice beast (shapeshifter) (Lair:5)
  2 sky beasts (D:7)
  5 ogres
  13 wolves
  4 lemures
  9 centaurs
  3 phantoms
  16 bullfrogs
  5 kobold brigands
  Blork the orc (Orc:2)
  2 gnoll sergeants
  3 scorpions
  4 wights (D:9)
  An elephant simulacrum (IceCv)
  26 killer bees
  5 electric eels
  3 hounds
  2 jellies
  A quasit (D:6)
  14 orc priests
  2 gnoll boudas
  4 iguanas
  Natasha (D:2)
  5 hell rats (D:8)
  22 orc wizards
  A troll simulacrum (IceCv)
  6 small abominations (Lair:5)
  A boggart simulacrum (D:15)
  22 gnolls
  9 adders
  2 shadow imps (Gauntlet)
  4 white imps
  5 worms
  3 dart slugs
  74 orcs
  5 ball pythons
  14 endoplasms
  5 giant cockroaches
  5 goblins
  10 hobgoblins
  14 jackals
  5 quokkas
  3 training dummies (Orc:1)
  6 bats
  5 frilled lizards
  2 goblin skeletons (D:6)
  2 hobgoblin zombies (D:6)
  33 kobolds
  3 orc skeletons (D:6)
  3 orc zombies (D:6)
  5 rats (D:1)
1198 creatures vanquished.

Vanquished Creatures (collateral kills)
  A sphinx (Shoals:4)
  An emperor scorpion (Spider:4)
  2 purple draconians (WizLab)
  2 statues (WizLab)
  A pharaoh ant (Spider:4)
  An orb spider (Spider:4)
  An orange crystal statue (D:11)
  3 wolf spiders (Spider:4)
  A moth of wrath (Spider:4)
  A water nymph (Shoals:3)
  3 tengu conjurers (WizLab)
  A tarantella (Spider:2)
  A jumping spider (Spider:1)
  2 culicivoras
  A wyvern (Lair:2)
  A water elemental (Shoals:2)
  A yak (D:12)
  4 redbacks
  A water moccasin (Lair:4)
  6 killer bees
  2 orc wizards
  66 ballistomycete spores
103 creatures vanquished.

Vanquished Creatures (others)
  A culicivora (Spider:4)
  An acid dragon (Gauntlet)
  A bullfrog (D:8)
  2 sleepcaps
  An orc wizard (D:11)
  6 ballistomycete spores
12 creatures vanquished.

Grand Total: 1313 creatures vanquished

Notes
Turn   | Place    | Note
-------+----------+-------------------------------------------
     0 | D:1      | Tungsten the Draconian Wanderer began the quest for the
                  | Orb.
     0 | D:1      | Tungsten set off with the following items: a +0 club, a +0
                  | pair of boots, a scroll of teleportation, a wand of
                  | polymorph (14); and the following spells available to
                  | memorise: Wereblood, Passwall.
     0 | D:1      | Reached XP level 1. HP: 14/14 MP: 2/2
     1 | D:1      | Found a runed translucent door.
     2 | D:1      | Noticed a jelly
   145 | D:1      | Reached XP level 2. HP: 7/20 MP: 3/3
   310 | D:1      | Learned a level 2 spell: Wereblood
   336 | D:1      | Reached skill level 1 in Fighting
   456 | D:1      | Reached XP level 3. HP: 29/29 MP: 4/4
  1014 | D:1      | Learned a level 2 spell: Ensorcelled Hibernation
  1030 | D:2      | Noticed an ogre
  1191 | D:2      | Reached XP level 4. HP: 34/37 MP: 5/5
  1343 | D:2      | Reached skill level 1 in Ice Magic
  1444 | D:2      | Reached skill level 1 in Hexes
  1927 | D:3      | Found a hazy altar of Hepliaklqana.
  2258 | D:3      | Reached XP level 5. HP: 29/42 MP: 0/7
  2940 | D:3      | Reached skill level 1 in Short Blades
  2960 | D:3      | Found Qegrezih's Magic Scroll Shop.
  2968 | D:3      | Bought a scroll of blinking for 97 gold pieces
  2968 | D:3      | Bought a scroll of teleportation for 39 gold pieces
  2968 | D:3      | Bought a scroll of identify for 26 gold pieces
  3228 | D:2      | Found an opulent altar of Gozag.
  3333 | D:2      | Noticed Natasha
  3348 | D:2      | Killed an ogre
  3359 | D:2      | Killed Natasha
  3360 | D:2      | Reached XP level 6. HP: 44/50 MP: 6/9
  3415 | D:2      | Found a faded altar of an unknown god.
  3495 | D:2      | Prayed at the altar of an unknown god.
  3495 | D:2      | Became a worshipper of Fedhas Madash
  3495 | D:2      | Reached * piety under Fedhas
  3668 | D:4      | Upgraded the game from 0.31-a0-1008-g5b978dac0e to
                  | 0.31-a0-1009-g454b1f1e0a
  4354 | D:4      | Found a sacrificial altar of Ru.
  4415 | D:4      | Your scales start taking on a pale cyan-grey colour.
  4415 | D:4      | Reached XP level 7. HP: 46/56 MP: 10/10
  4415 | D:4      | Gained mutation: You are immune to the effects of steam.
                  | [Pale Draconian growth]
  5043 | D:4      | Reached ** piety under Fedhas
  5074 | D:4      | Identified the +10 whip "Soisch" {heavy, rElec rF- rC++
                  | Will+}
  5287 | D:5      | Entered Level 5 of the Dungeon
  5735 | D:5      | Reached skill level 5 in Stealth
  6151 | D:5      | Reached XP level 8. HP: 62/62 MP: 4/11
  6885 | D:6      | Noticed DEFE's ghost (novice DsWn)
  6891 | D:6      | Found a runed translucent gate.
  6891 | D:6      | Found a runed translucent gate.
  6891 | D:6      | Found a runed translucent gate.
  7105 | D:6      | Found a glowing golden altar of the Shining One.
  7334 | D:6      | Found Ycemey's Armour Shoppe.
  8055 | D:6      | Reached *** piety under Fedhas
  8564 | D:7      | Found a white marble altar of Elyvilon.
  8729 | D:7      | Found Jiavis's Antique Weapon Shoppe.
  8737 | D:7      | Reached XP level 9. HP: 72/72 MP: 9/12
  8928 | D:7      | Found a staircase to the Ecumenical Temple.
  8952 | Temple   | Entered the Ecumenical Temple
  9014 | D:7      | Reached skill level 5 in Short Blades
  9068 | D:7      | Reached skill level 5 in Fighting
  9263 | D:7      | Found Fexefir's Weapon Shop.
  9538 | D:7      | Reached **** piety under Fedhas
  9634 | D:8      | Noticed Pikel
  9688 | D:8      | Reached skill level 5 in Dodging
  9905 | D:6      | Reached skill level 1 in Invocations
  9922 | D:6      | Killed DEFE's ghost
 10004 | D:6      | Learned a level 5 spell: Freezing Cloud
 10141 | D:8      | Noticed Jeremiah
 10458 | D:8      | Noticed a cyan ugly thing
 10459 | D:8      | Noticed a cyclops
 10460 | D:8      | Noticed a two-headed ogre
 10703 | D:8      | Reached XP level 10. HP: 84/84 MP: 7/13
 10897 | D:8      | Killed Pikel
 10898 | D:8      | Reached skill level 5 in Invocations
 11140 | D:8      | Found a staircase to the Lair.
 11148 | D:8      | Killed Jeremiah
 11511 | D:8      | Identified the staff of the Six Gods {rPois rC- Dex-3 Necro
                  | Earth}
 11512 | D:8      | Identified the amulet "Dujoamm" {Acrobat Harm Dex+3}
 11561 | D:8      | Killed a cyclops
 11780 | D:8      | Killed a two-headed ogre
 11866 | D:8      | Killed a cyan ugly thing
 11898 | D:8      | Found a snail-covered altar of Cheibriados.
 11906 | D:8      | Noticed a two-headed ogre
 11921 | D:8      | Killed a two-headed ogre
 12128 | D:8      | Noticed Maggie
 12136 | D:8      | Killed Maggie
 12137 | D:8      | Reached XP level 11. HP: 87/99 MP: 17/17
 12774 | D:9      | Reached skill level 10 in Fighting
 12787 | D:9      | Learned a level 3 spell: Mephitic Cloud
 13313 | D:9      | Identified the +7 hand axe "Jezeaq" {elec, rPois rC- rN++
                  | SInv}
 13504 | D:9      | Reached skill level 1 in Air Magic
 13512 | D:9      | Reached skill level 1 in Conjurations
 14184 | D:10     | Identified the "Ymol"
 14184 | D:10     | Entered Level 10 of the Dungeon
 14184 | D:10     | Noticed Harold
 14184 | D:10     | Found a basalt altar of Yredelemnul.
 14654 | D:10     | Noticed a sea snake
 14690 | D:10     | Noticed Fannar
 14718 | D:10     | Killed Fannar
 15296 | D:10     | Noticed a sea snake
 15342 | D:10     | Noticed Sonja
 15344 | D:10     | Killed Sonja
 15488 | D:10     | Found an opulent altar of Gozag.
 15493 | D:10     | Found a hide-covered altar of Uskayaw.
 15786 | D:11     | Noticed a boulder beetle
 15818 | D:11     | Killed a boulder beetle
 15942 | D:11     | Found Foyr's Assorted Antiques.
 15949 | D:11     | Noticed an orange crystal statue
 16040 | D:11     | Found a staircase to the Orcish Mines.
 16052 | D:11     | Noticed a boulder beetle
 16060 | D:11     | Killed a boulder beetle
 16061 | D:11     | Reached skill level 1 in Shields
 16088 | D:11     | Reached ***** piety under Fedhas
 16647 | Lair:1   | Entered Level 1 of the Lair of Beasts
 16650 | Lair:1   | Found a frozen archway.
 16664 | IceCv    | Entered an ice cave
 16782 | IceCv    | Reached skill level 5 in Ice Magic
 17075 | Lair:1   | Reached skill level 5 in Spellcasting
 17105 | Lair:1   | Reached skill level 5 in Air Magic
 17105 | Lair:1   | Reached XP level 12. HP: 106/106 MP: 9/19
 17509 | Lair:1   | Noticed a death yak
 17520 | Lair:1   | Reached skill level 5 in Conjurations
 17565 | Lair:1   | Killed a death yak
 18378 | Lair:2   | Noticed a death yak
 18381 | Lair:2   | Noticed a death yak
 18383 | Lair:2   | Noticed a death yak
 18420 | Lair:2   | Killed a death yak
 18424 | Lair:2   | Killed a death yak
 18431 | Lair:2   | Killed a death yak
 18745 | Lair:2   | Found a staircase to the Shoals.
 18970 | Lair:2   | Reached skill level 5 in Shields
 19112 | Lair:2   | Found a hole to the Spider Nest.
 19989 | Lair:3   | Identified the +2 quarterstaff of Mana {flame, rElec rF+}
 20143 | Lair:3   | Noticed a catoblepas
 20163 | Lair:3   | Killed a catoblepas
 20390 | Lair:3   | Noticed a seven-headed hydra
 20406 | Lair:3   | Killed a seven-headed hydra
 20407 | Lair:3   | Reached XP level 13. HP: 80/113 MP: 17/20
 22853 | Lair:5   | Entered Level 5 of the Lair of Beasts
 23514 | Lair:5   | Found a viscous altar of Jiyva.
 23514 | Lair:5   | Found a staircase to the Slime Pits.
 23621 | Lair:5   | Reached skill level 10 in Air Magic
 24849 | Lair:5   | Reached XP level 14. HP: 121/121 MP: 19/24
 24976 | Lair:5   | Found a corrupted altar of Lugonu.
 24976 | Lair:5   | Found a one-way gate to the infinite horrors of the Abyss.
 25149 | Lair:5   | Reached skill level 10 in Invocations
 25734 | D:10     | Killed Harold
 25882 | Orc:1    | Entered Level 1 of the Orcish Mines
 25897 | Orc:1    | Reached ****** piety under Fedhas
 26007 | Orc:1    | Noticed an orc warlord
 26023 | Orc:1    | Killed an orc warlord
 26261 | Orc:1    | Found Onaugub's Magic Scroll Emporium.
 26266 | Orc:1    | Bought a scroll of teleportation for 39 gold pieces
 26266 | Orc:1    | Bought a scroll of blinking for 97 gold pieces
 26266 | Orc:1    | Bought 3 scrolls of fog for 156 gold pieces
 26266 | Orc:1    | Bought a scroll of fear for 52 gold pieces
 26914 | Orc:1    | Found Naumarhe's Firing Range.
 26919 | Orc:1    | Bought a throwing net for 42 gold pieces
 26919 | Orc:1    | Bought a throwing net for 42 gold pieces
 27236 | Orc:2    | Entered Level 2 of the Orcish Mines
 27498 | Orc:2    | Paralysed by an orc sorcerer for 4 turns
 28971 | Orc:2    | Noticed an orc warlord
 29337 | Orc:2    | Noticed Blork the orc
 29486 | Orc:2    | Learned a level 5 spell: Borgnjor's Vile Clutch
 29504 | Orc:2    | Found a staircase to the Elven Halls.
 29533 | Orc:2    | Killed Blork the orc
 29764 | Orc:2    | Found Nuomum's Jewellery Boutique.
 29782 | Orc:2    | Reached skill level 1 in Necromancy
 29782 | Orc:2    | Reached skill level 1 in Earth Magic
 29929 | Orc:2    | Found Zumietat's Antique Weapon Boutique.
 29985 | Orc:2    | Found Imogesav's General Store.
 30120 | Orc:2    | Found Xasobbao's Antique Armour Boutique.
 30394 | Orc:2    | Learned a level 5 spell: Yara's Violent Unravelling
 30561 | D:11     | Bought a black potion for 23 gold pieces
 30561 | D:11     | Bought a black potion for 23 gold pieces
 30876 | D:12     | You fall into a shaft and drop 2 floors!
 31433 | D:12     | Identified the +0 ice dragon scales of Spite {rPois rF-
                  | rC++ rN+ Str+4}
 31955 | Orc:2    | Bought the amulet "Okkexa" {Faith rN+ Regen+} for 716 gold
                  | pieces
 32762 | D:13     | Reached XP level 15. HP: 121/130 MP: 11/25
 34193 | D:14     | Reached skill level 5 in Necromancy
 34204 | D:14     | Reached skill level 5 in Earth Magic
 34242 | D:14     | Found a gate to the Vaults.
 34789 | D:15     | Entered Level 15 of the Dungeon
 34900 | D:15     | Found Xeoclosu's Antique Armour Boutique.
 34948 | D:15     | Bought a pair of gloves for 171 gold pieces
 34948 | D:15     | Bought a runed cloak for 285 gold pieces
 34970 | D:15     | Found a gate leading to a gauntlet.
 35204 | Gauntlet | Entered a Gauntlet
 35204 | Gauntlet | Found a transporter.
 35204 | Gauntlet | Found a transporter.
 35205 | Gauntlet | Found a transporter.
 35207 | Gauntlet | Found a transporter.
 35208 | Gauntlet | Found a transporter.
 35218 | Gauntlet | Found a transporter.
 35222 | Gauntlet | Found a transporter.
 35232 | Gauntlet | Found a transporter.
 35323 | Gauntlet | Found a transporter.
 35333 | Gauntlet | Found a transporter.
 35337 | Gauntlet | Found a transporter.
 35347 | Gauntlet | Found a transporter.
 35733 | Gauntlet | Identified the ring of the Suburbs {Fire Str+6}
 36795 | Spider:1 | Entered Level 1 of the Spider Nest
 36844 | Shoals:1 | Entered Level 1 of the Shoals
 38921 | Shoals:2 | Noticed Polyphemus
 39517 | Shoals:2 | Reached XP level 16. HP: 130/141 MP: 2/26
 39903 | Shoals:2 | Noticed Ilsuiw
 39925 | Shoals:2 | Killed Ilsuiw
 40158 | Shoals:2 | Killed Polyphemus
 40464 | Shoals:2 | Reached skill level 1 in Polearms
 40596 | Shoals:2 | Reached skill level 2 in Polearms
 40603 | Shoals:2 | Reached skill level 3 in Polearms
 40614 | Shoals:2 | Identified the ring "Meovag" {Fire *Slow +Blink rElec
                  | Dex+2}
 40770 | Shoals:2 | Found a hide-covered altar of Uskayaw.
 40805 | Shoals:2 | Reached skill level 4 in Polearms
 40930 | Shoals:2 | Identified the +5 arbalest of Penekh {flame, rC+ Int+3
                  | Dex-5}
 40976 | Shoals:2 | You fall into a shaft and drop 1 floor!
 40976 | Shoals:3 | Noticed Jorgrun
 41306 | D:3      | Bought a scroll of fog for 52 gold pieces
 41306 | D:3      | Bought a scroll of enchant armour for 97 gold pieces
 41306 | D:3      | Bought a scroll of enchant weapon for 97 gold pieces
 41306 | D:3      | Bought a scroll of fog for 52 gold pieces
 41718 | Spider:1 | Reached skill level 5 in Polearms
 43030 | Shoals:2 | Found a hide-covered altar of Uskayaw.
 43643 | Shoals:2 | Reached skill level 6 in Polearms
 44576 | Shoals:3 | Reached skill level 7 in Polearms
 44714 | Shoals:3 | Found Uphugh's Distillery.
 44719 | Shoals:3 | Bought 2 potions of heal wounds for 180 gold pieces
 44719 | Shoals:3 | Bought a potion of heal wounds for 90 gold pieces
 44771 | Shoals:3 | Killed Jorgrun
 45080 | Shoals:3 | Noticed a kraken
 45293 | Shoals:3 | Reached skill level 8 in Polearms
 46062 | Shoals:3 | Reached skill level 9 in Polearms
 46228 | Shoals:4 | Entered Level 4 of the Shoals
 46582 | Shoals:4 | Reached XP level 17. HP: 146/148 MP: 2/27
 47029 | Shoals:4 | Reached skill level 10 in Polearms
 47629 | Shoals:4 | Noticed a sphinx
 47743 | Shoals:4 | Paralysed by a sphinx for 4 turns
 47754 | Shoals:4 | Killed a sphinx
 47854 | Shoals:4 | Noticed a sphinx
 47862 | Shoals:4 | Killed a sphinx
 47911 | Shoals:4 | Got a barnacled rune of Zot
 47913 | Shoals:4 | Identified the +1 scale mail of Happy Babbling {-Cast rElec
                  | Will++ Int-3}
 48073 | Shoals:4 | Noticed a sphinx
 48119 | Shoals:4 | Killed a sphinx
 48470 | Shoals:4 | Noticed a sphinx
 48478 | Shoals:4 | Killed a sphinx
 48479 | Shoals:4 | Reached skill level 5 in Hexes
 48811 | Shoals:4 | Identified the +7 long sword "Tuakh" {spect, Drain Str+5
                  | Int+6}
 49844 | Spider:1 | Reached skill level 11 in Polearms
 51620 | Spider:1 | Reached skill level 5 in Transmutations
 52048 | Spider:2 | Noticed Kirke
 54246 | Spider:2 | Identified the +6 dagger of the Lair of Beasts {protect,
                  | Fly rN+ Dex-5}
 54877 | Spider:2 | Killed Kirke
 56386 | Spider:2 | Reached skill level 12 in Polearms
 57691 | Spider:3 | Reached XP level 18. HP: 140/155 MP: 13/28
 58859 | Spider:4 | Entered Level 4 of the Spider Nest
 61189 | Spider:4 | Reached skill level 13 in Polearms
 63859 | Orc:1    | Bought a scroll of enchant armour for 97 gold pieces
 64096 | Shoals:3 | Bought a potion of curing for 54 gold pieces
 64096 | Shoals:3 | Bought a potion of brilliance for 72 gold pieces
 64096 | Shoals:3 | Bought a potion of might for 72 gold pieces
 64733 | Spider:4 | Reached skill level 14 in Polearms
 65044 | Spider:4 | Got a gossamer rune of Zot
 65360 | Orc:1    | Bought a scroll of enchant armour for 97 gold pieces
 65458 | WizLab   | Identified the of Iryr
 65458 | WizLab   | Identified the "Biextom"
 65458 | Vaults:1 | Entered Level 1 of the Vaults
 65568 | Vaults:1 | Found a magical portal.
 65577 | WizLab   | Entered Iskenderun's Mystic Tower
 66704 | WizLab   | HP: 5/158 [purple draconian stormcaller/bolt of dispelling
                  | energy (20)]
 66707 | WizLab   | Killed from afar by a purple draconian stormcaller

Illustrated notes

Levels and vault maps discovered:
D:1:      dpeg_arrival_caged_fury, layout_loops_ring, minmay_bisected
D:2:      layout_basic, basic_altar, hellmonk_ecumenical_altar_arch_garden,
          uniq_natasha
D:3:      layout_basic, mainiacjoe_overflow_small_starburst,
          cheibrodos_sewer_entry_bend, serial_shops,
          nicolae_shop_tiny_real_fake_doors
D:4:      layout_gridville, old_standard_altar, mrwooster_statue_mirror
D:5:      layout_loops_ring, chequers_serial_rivers_small_3
D:6:      layout_layer_cave, nicolae_tso_besieged_by_evil,
          gammafunk_ghost_split, nicolae_stop_n_shop_2
D:7:      black_bear_nest_2, layout_basic, mainiacjoe_overflow_boulevard,
          minmay_temple_entry_tees, serial_shops, shop_statue, shop
D:8:      layout_layer_cave, mainiacjoe_overflow_cross_hatched,
          david_lair_shrubbed, minmay_radiant, uniq_maggie, uniq_pikel,
          uniq_jeremiah
D:9:      layout_irregular_city, kennysheep_generic_room_11
D:10:     layout_basic, nicolae_overflow_hidden_temple, serial_aquarium,
          aquarium_bridge_straight [aquarium_subvault_bridge,
          aquarium_subvault_balcony, aquarium_subvault_bridge,
          aquarium_subvault_wall], aquarium_window_1, aquarium_window_1,
          aquarium_view_4, aquarium_balcony_double_3, aquarium_pool_side,
          uniq_harold, uniq_fannar, uniq_sonja
D:11:     layout_roguey, orc_0_dummy, serial_shops, shop, minivault_16
D:12:     layout_cave_pools, hangedman_abyss_or_decor_passed,
          nicolae_straight_to_the_point
D:13:     layout_rooms, elves_outpost_lemuel
D:14:     layout_irregular_city, hellmonk_vaults_keyhole, fountainhead
D:15:     hangedman_depths_entry_try_elsewhere_first, layout_rooms,
          enter_trove_3, serial_shops, shop, roderic_roman_lattice,
          gauntlet_entry_generic, small_statue_intersection,
          einodemon_crawler_minivault
Temple:   nicolae_temple_two_arcs
Lair:1:   layout_regular_city, portal_ice_cave_entry_pillars_1
Lair:2:   layout_chaotic_city, minmay_shoals_entry_beasts,
          nicolae_spider_entry_tight_spaces
Lair:3:   layout_small_grid, serial_bayou_shore_a
Lair:4:   layout_regular_city, serial_bayou_shore_b, grunt_megastairs_1
Lair:5:   hellmonk_lair_end_abyssal_woods, layout_hall_layers, slime_entry_1
Shoals:1: layout_shoals
Shoals:2: layout_shoals, regret_index_shoals_crete, uniq_ilsuiw, uniq_polyphemus
Shoals:3: layout_shoals, serial_shops, nicolae_shop_rolling_square, uniq_jorgrun
Shoals:4: shoals_end_hellmonk_lost_city
Spider:1: layout_cave_pods
Spider:2: layout_spider_delve, special_room [special_room_bee],
          nicolae_spider_cling_halls, uniq_kirke
Spider:3: layout_spider_delve
Spider:4: grunt_spider_rune_circles
Orc:1:    layout_diamond_mine, serial_shops, nicolae_shop_tiny_waterfront,
          nicolae_shop_firing_range
Orc:2:    grunt_orc_cross, layout_diamond_mine, nicolae_orc_lava_room
Vaults:1: mu_enter_wizlab_3, nicolae_vaults_diagonal_hallway_8, v_rooms_3,
          hangedman_vaults_stream, serial_library_hellmonk_open_cross,
          nicolae_vaults_swerve, hangedman_vaults_capsules, v_pattern_3,
          nicolae_vaults_ellipses_ellipsis, nicolae_vaults_storage_closets_3,
          nicolae_vaults_octothorpe, nicolae_vaults_trapezoid_1,
          nicolae_vaults_apartment_1, layout_vaults_maze_bifur, serial_shops,
          nicolae_shop_just_a_little_nook
WizLab:   wizlab_iskenderun

Skill      XL: |  1  2  3  4  5  6  7  8  9 10 11 12 13 14 15 16 17 18 |
---------------+-------------------------------------------------------+-----
Stealth        | 2 3 5 6 8 |  8.0
Dodging        | 2 3 5 6 8 9 |  9.0
Fighting       | 1 2 4 6 9 10 11 12 13 | 13.6
Ice Magic      | 1 2 5 7 8 |  8.0
Hexes          | 1 2 3 4 7 9 |  9.0
Spellcasting   | 2 5 6 7 |  7.0
Short Blades   | 1 3 4 5 |  5.0
Invocations    | 3 8 9 12 | 12.0
Evocations     | 6 |  6.0
Air Magic      | 5 8 10 11 | 11.0
Conjurations   | 4 7 9 |  9.0
Shields        | 2 5 |  5.0
Transmutations | 2 7 9 |  9.0
Necromancy     | 3 7 9 |  9.0
Earth Magic    | 3 7 9 |  9.0
Polearms       | 9 12 14 | 14.0

Action                     |  1- 3 |  4- 6 |  7- 9 | 10-12 | 13-15 | 16-18 || total
---------------------------+-------+-------+-------+-------+-------+-------++-------
  Melee: Club              |    58 |       |       |       |       |       ||    58
         Tailslap          |    20 |    31 |    23 |    40 |    77 |   149 ||   340
         Dagger            |    70 |    78 |    68 |   187 |   245 |     3 ||   651
         Short sword       |    88 |    53 |       |       |       |       ||   141
         Rapier            |       |   132 |    27 |       |       |       ||   159
         Punch             |       |     1 |     5 |     5 |       |       ||    11
         Whip              |       |       |   123 |   136 |   242 |       ||   501
         Staff             |       |       |       |       |    17 |    20 ||    37
         Demon trident     |       |       |       |       |       |  1071 ||  1071
  Throw: Dart              |       |       |       |     1 |     1 |     4 ||     6
         Javelin           |       |       |       |       |       |     1 ||     1
   Cast: Ensorcelled Hiber |       |    33 |   100 |   200 |   176 |     3 ||   512
         Mephitic Cloud    |       |       |       |     6 |    13 |     6 ||    25
         Freezing Cloud    |       |       |       |       |   167 |   254 ||   421
         Wereblood         |       |       |       |       |     1 |     1 ||     2
         Borgnjor's Vile C |       |       |       |       |    42 |   363 ||   405
 Invoke: Wall of Briars    |       |       |     1 |    12 |    10 |    13 ||    36
         Grow Ballistomyce |       |       |       |     7 |     3 |     6 ||    16
         Grow Oklob        |       |       |       |       |     2 |     7 ||     9
Ability: Breathe Steam     |       |       |     9 |    23 |    69 |    11 ||   112
  Evoke: Wand              |       |     6 |     1 |    26 |    38 |    33 ||   104
         Lightning rod     |       |       |       |       |       |    13 ||    13
         Phial of floods   |       |       |       |       |       |     1 ||     1
         Condenser vane    |       |       |       |       |       |     1 ||     1
    Use: Scroll            |       |     7 |    10 |     7 |    17 |    20 ||    61
         Potion            |       |     1 |     5 |     4 |     5 |    26 ||    41
   Stab: Sleeping          |     7 |    31 |    54 |   108 |   106 |     3 ||   309
         Paralysed         |       |     6 |       |    11 |     6 |       ||    23
         Confused          |       |       |       |     4 |     1 |     5 ||    10
         Petrified         |       |       |       |       |     1 |     1 ||     2
         Petrifying        |       |       |       |       |     1 |       ||     1
         Distracted        |       |       |       |       |       |     1 ||     1
 Armour: Skin              |   105 |   161 |   210 |   415 |   581 |  1949 ||  3421
  Dodge: Dodged            |   127 |   182 |   180 |   370 |   647 |  1061 ||  2567
  Block: Buckler           |       |       |       |    68 |   177 |   349 ||   594
         Reflection        |       |       |       |     1 |    14 |    22 ||    37

Table legend: (Time is in decaauts)
 A = Elapsed time spent in this place.
 B = Non-inter-level travel time spent in this place.
 C = Inter-level travel time spent in this place.
 D = Time resting spent in this place.
 E = Time spent auto-exploring this place.
 F = Levels seen in this place.
 G = Mean time per level.
                   A        B        C        D        E       F      G
               +--------+--------+--------+--------+--------+-----+--------+
         Total |  67406 |  62306 |   5100 |  28416 |  20802 |  35 | 1925.9 |
       Dungeon |  23812 |  20964 |   2848 |   6376 |   9996 |  15 | 1587.5 |
        Temple |      1 |      1 |      0 |      0 |      0 |   1 |    1.0 |
          Lair |   8789 |   8166 |    623 |   2482 |   3796 |   5 | 1757.8 |
        Shoals |  11315 |  10759 |    556 |   6233 |   2829 |   4 | 2828.8 |
   Spider Nest |  16195 |  15542 |    653 |   9811 |   2884 |   4 | 4048.8 |
  Orcish Mines |   4621 |   4204 |    417 |   2211 |    964 |   2 | 2310.5 |
        Vaults |    117 |    117 |      0 |      0 |    100 |   1 |  117.0 |
      Ice Cave |    297 |    297 |      0 |    134 |      4 |   1 |  297.0 |
        Wizlab |   1124 |   1124 |      0 |    710 |     27 |   1 | 1124.0 |
      Gauntlet |   1129 |   1129 |      0 |    458 |    199 |   1 | 1129.0 |
               +--------+--------+--------+--------+--------+-----+--------+

Top non-repeatable levels by time:
Spider:1: 5147 daAuts
Spider:4: 4811 daAuts
Spider:2: 3982 daAuts
Shoals:2: 3954 daAuts
     D:8: 2947 daAuts
Shoals:3: 2700 daAuts
  Lair:5: 2651 daAuts
   Orc:1: 2624 daAuts
Shoals:4: 2363 daAuts
Shoals:1: 2297 daAuts
Spider:3: 2254 daAuts
    D:14: 2143 daAuts
   Orc:2: 1997 daAuts
     D:6: 1982 daAuts
  Lair:3: 1920 daAuts
